 Dungeon Crawl Stone Soup version 0.18.1-5-g4a78601 (webtiles) character file.

83575 shmeve the Severer (level 15, -7/144 HPs)
             Began as a Minotaur Berserker on May 11, 2016.
             Was the Champion of Trog.
             Mangled by a fire elemental (16 damage)
             ... led by Azrael
             ... on level 2 of the Spider Nest.
             The game lasted 00:48:35 (21021 turns).

shmeve the Severer (Minotaur Berserker)            Turns: 21021, Time: 00:48:37

Health: -7/144     AC: 22    Str: 26    XL:     15   Next: 32%
Magic:  0/4        EV: 13    Int:  5    God:    Trog [******]
Gold:   1620       SH: 15    Dex: 15    Spells: 0 memorised, 14 levels left

rFire  x . .     SeeInvis .     w - +8 broad axe (antimagic)
rCold  + . .     Gourm    .     x - +0 plate armour
rNeg   . . .     Faith    +     U - +0 shield
rPois  +         Spirit   +     L - +2 hat {Spirit}
rElec  .         Dismiss  .     p - +0 cloak
rCorr  .         Reflect  .     (no gloves)
SustAt .         Harm     .     G - +2 pair of boots {Fly}
MR     ++++.                    r - amulet of faith
Stlth  ..........               k - +4 ring of dexterity
                                C - ring of Wecrenla {Ice +Fly rPois MR+ Stlth+}

@: exhausted, flying, regenerating, slowed, very slow, incredibly resistant to
hostile enchantments, extremely unstealthy
A: retaliatory headbutt, horns 2
a: Berserk, Trog's Hand, Brothers in Arms, Burn Spellbooks, Renounce Religion,
Stop Flying


You were on level 2 of the Spider Nest.
You worshipped Trog.
Trog was exalted by your worship.
You were not hungry.

You visited 4 branches of the dungeon, and saw 22 of its levels.
You also visited: Labyrinth, Sewer and Bailey.

You collected 1620 gold pieces.

Inventory:

Hand Weapons
 w - a +8 antimagic broad axe (weapon)
Armour
 p - a +0 cloak (worn)
 x - a +0 plate armour (worn)
 G - a +2 pair of boots of flying (worn)
 L - a +2 hat of spirit shield (worn)
 U - a +0 shield (worn)
Jewellery
 k - a +4 ring of dexterity (right hand)
 r - an amulet of faith (around neck)
 C - the ring of Wecrenla (left hand) {Ice +Fly rPois MR+ Stlth+}
   (You found it on level 5 of the Lair of Beasts)

   [ring of ice]

   It enhances your ice magic, and weakens your fire magic.
   It makes you vulnerable to fire.
   It protects you from cold.
   It protects you from poison.
   It affects your resistance to hostile enchantments.
   It lets you fly.
   It makes you more stealthy.
 T - an uncursed ring of stealth {unknown}
 Y - an uncursed ring of ice {unknown}
Wands
 F - a wand of heal wounds (5/9)
 R - a wand of heal wounds (4/9)
Scrolls
 a - 3 scrolls of blinking {unknown}
 e - 14 scrolls of remove curse {unknown}
 f - 19 scrolls of identify {unknown}
 n - 9 scrolls of enchant armour {unknown}
 o - 3 scrolls of fear {unknown}
 v - 9 scrolls of teleportation {unknown}
 y - 2 scrolls of noise {unknown}
 A - a scroll of fog {unknown}
 E - 3 scrolls of enchant weapon {unknown}
 I - 4 scrolls of amnesia {unknown}
 J - 3 scrolls of recharging {unknown}
 O - 3 scrolls of magic mapping {unknown}
 P - 2 scrolls of immolation {unknown}
 Q - a scroll of summoning {unknown}
 V - a scroll of random uselessness {unknown}
 W - 2 scrolls of brand weapon {unknown}
 X - a scroll of vulnerability {unknown}
Potions
 d - 3 potions of magic {unknown}
 g - 8 potions of curing {unknown}
 h - 6 potions of mutation {unknown}
 i - a potion of cancellation {unknown}
 l - 5 potions of haste
 m - 13 potions of heal wounds {unknown}
 s - 4 potions of invisibility {unknown}
 t - 2 potions of flight {unknown}
 u - a potion of brilliance {unknown}
 z - 4 potions of degeneration {unknown}
 B - 5 potions of lignification {unknown}
 D - a potion of might {unknown}
 K - 5 potions of beneficial mutation {unknown}
 M - 2 potions of agility
 N - a potion of resistance {unknown}
Comestibles
 b - a slice of pizza
 c - 12 bread rations
 j - 3 meat rations
 q - 8 beef jerkies
 S - 11 royal jellies


   Skills:
 * Level 16.1 Fighting
 * Level 16.3 Axes
 + Level 11.9 Armour
 + Level 10.6 Dodging
 * Level 15.9 Shields


You had 14 spell levels left.
You didn't know any spells.

Dungeon Overview and Level Annotations

Branches:
Dungeon (10/15)            Temple (0/1) D:6            Lair (8/8) D:10
 Shoals (0/4) Lair:6       Spider (2/4) Lair:3        Slime (0/6) Lair:6
    Orc (2/2) D:10            Elf (0/3) Orc:2

Altars:
Cheibriados
Dithmenos
Fedhas
Kikubaaqudgha
Makhleb
Nemelex Xobeh
Pakellas
Ru
Vehumet
The Shining One
Beogh
Jiyva

Shops:
D:4 }   Orc:2 *%:}

Portals:
Hell: Lair:8

Annotations:
Lair:6 1 runed door
Spider:2 Azrael


Innate Abilities, Weirdness & Mutations

You reflexively headbutt those who attack you in melee.
You have a pair of horns on your head.


Message History

You feel slightly more hungry.
You are starving!
The fire elemental hits you. The fire elemental burns you!
The fire burns you terribly! Azrael misses you.
You block the fire elemental's attack. The fire elemental hits you.
The fire elemental burns you! The fire burns you terribly!
Unknown command.
Eat which item? (? for menu, Esc to quit)
You block the fire elemental's attack. Azrael gestures at you.
The fireball explodes!
The fireball engulfs you! The fire burns you terribly!
* * * LOW HITPOINT WARNING * * *
The fireball engulfs the fire elemental.
The fire elemental completely resists.
The fireball engulfs Azrael.
Azrael completely resists.
The fireball engulfs the fire elemental.
The fire elemental completely resists.
The fire elemental closely misses you. x2
You block Azrael's attack. The fire elemental hits you.
The fire elemental burns you! The fire burns you terribly!
You die...

.....## .........##.
.......>^#.
#.##....^......# ##
..#...........# #..#
#.............##.....
#............^§.E.§.
##..........R.#
#..........@E§#
#.........†E.#
#..<........#
#.##....)....#
##.....##^..#
####..###...# ####
....# #.... ....


You could see Azrael and 2 fire elementals.

Vanquished Creatures
  Gastronok (Lair:1)
  Agnes (Spider:2)
  A dire elephant (Lair:8)
  Josephine (Lair:4)
  A minotaur (Lab)
  The ghost of Warped the Impaler, a journeyman MfGl of Makhleb (Lair:1)
  6 hydras
  15 death yaks
  An orc high priest (Orc:2)
  A sun demon (Lair:8)
  Nergalle (D:10)
  3 hill giants (D:10)
  5 orc knights (Orc:2)
  A wizard (Lair:8)
  An orb spider (Spider:1)
  A griffon (Lair:8)
  4 wolf spiders (Spider:1)
  A hornet (Spider:1)
  An orc sorcerer (Orc:2)
  A salamander (Orc:1)
  A sixfirhy (Lair:8)
  3 black mambas
  10 elephants
  3 orange demons (Lair:8)
  4 torpor snails
  23 spiny frogs
  2 rime drakes
  3 demonic crawlers (Spider:1)
  8 komodo dragons
  A hellwing (Lair:8)
  The ghost of wblackke the Chiller, a novice OpIE (D:4)
  3 trolls
  A queen bee (Lair:2)
  4 jumping spiders
  3 ice devils (Lair:8)
  4 red devils (Lair:8)
  2 boulder beetles (Lair:5)
  24 blink frogs
  7 redbacks
  6 tarantellas (Spider:1)
  5 wraiths (Lair:4)
  55 yaks
  2 basilisks
  10 hippogriffs
  2 fire elementals (Spider:2)
  A steam dragon (Lair:4)
  7 wargs
  2 hell hounds (Spider:2)
  19 water moccasins
  40 orc warriors
  7 porcupines
  2 black bears
  A sky beast (D:5)
  2 ice beasts (D:5)
  A wasp (D:7)
  7 centaurs
  12 wolves
  12 ogres
  12 crocodiles
  12 giant frogs
  A scorpion (D:8)
  31 killer bees
  A howler monkey (D:10)
  An electric eel (D:9)
  6 crimson imps
  3 giant frog zombies
  Crazy Yiuf (D:2)
  3 giant frog skeletons
  4 hounds
  A jelly (D:6)
  16 orc priests
  21 orc wizards
  Jessica (D:2)
  Ijyb (D:2)
  13 worker ants
  8 iguanas
  2 killer bee zombies
  11 sheep
  A hound skeleton (D:7)
  A worker ant zombie (D:8)
  13 gnolls (Bailey)
  A howler monkey skeleton (D:4)
  18 adders
  62 river rats
  3 shadow imps
  2 oozes (D:1)
  5 worms
  2 dart slugs (D:1)
  8 giant geckos
  69 orcs
  4 bats
  8 giant cockroaches
  18 hobgoblins
  12 jackals
  4 quokkas
  A ball python (D:4)
  4 giant newts
  9 goblins
  A jackal zombie (D:5)
  21 kobolds
  4 rats
  A fire vortex (Orc:1)
  10 fungi
779 creatures vanquished.

Vanquished Creatures (others)
  9 fungi (Lair:8)
  9 plants
18 creatures vanquished.

Grand Total: 797 creatures vanquished

Notes
Turn   | Place    | Note
--------------------------------------------------------------
     0 | D:1      | shmeve the Minotaur Berserker began the quest for the Orb.
     0 | D:1      | Reached XP level 1. HP: 19/19 MP: 0/0
   132 | D:1      | Reached XP level 2. HP: 25/27 MP: 1/1
   516 | D:2      | Reached XP level 3. HP: 32/33 MP: 2/2
   559 | D:2      | Reached ** piety under Trog
   892 | D:2      | Noticed Ijyb
   895 | D:2      | Noticed Jessica
   901 | D:2      | Killed Ijyb
   901 | D:2      | Reached XP level 4. HP: 41/41 MP: 3/3
   904 | D:2      | Killed Jessica
   904 | D:2      | Reached skill level 5 in Axes
  1062 | D:2      | Found a sparkling altar of Nemelex Xobeh.
  1106 | D:2      | Noticed Crazy Yiuf
  1112 | D:2      | Killed Crazy Yiuf
  1112 | D:2      | Reached skill level 5 in Fighting
  1112 | D:2      | Reached XP level 5. HP: 48/48 MP: 4/4
  1359 | D:2      | Found a glowing golden altar of the Shining One.
  2808 | D:4      | Reached *** piety under Trog
  2868 | D:4      | Noticed wblackke's ghost (novice OpIE)
  2874 | D:4      | Killed wblackke's ghost
  2874 | D:4      | Reached XP level 6. HP: 57/57 MP: 5/5
  2879 | D:4      | Reached XP level 7. HP: 63/63 MP: 6/6
  3075 | D:4      | Found a shadowy altar of Dithmenos.
  3202 | D:4      | Found an oddly glowing altar of Pakellas.
  3202 | D:4      | Found Pakellas's Prime Provisions.
  3435 | D:5      | Entered Level 5 of the Dungeon
  3584 | D:5      | Reached XP level 8. HP: 72/73 MP: 7/7
  3849 | D:5      | Found a sacrificial altar of Ru.
  3901 | D:5      | Reached skill level 5 in Shields
  3992 | D:5      | Reached **** piety under Trog
  4051 | D:5      | Found a glowing drain.
  4056 | Sewer    | Entered a sewer
  4297 | D:6      | Found a staircase to the Ecumenical Temple.
  4305 | D:6      | Reached skill level 5 in Armour
  4586 | D:6      | Found a radiant altar of Vehumet.
  4613 | D:6      | Reached XP level 9. HP: 67/81 MP: 8/8
  4775 | D:6      | Reached ***** piety under Trog
  5194 | D:7      | Received a gift from Trog
  5594 | D:7      | Found a blossoming altar of Fedhas.
  5616 | D:7      | Reached skill level 5 in Dodging
  6117 | D:8      | Found a snail-covered altar of Cheibriados.
  6171 | D:8      | Found an ancient bone altar of Kikubaaqudgha.
  6383 | D:8      | Reached XP level 10. HP: 91/91 MP: 9/9
  6450 | D:9      | Found a flagged portal.
  6462 | Bailey   | Entered a bailey
  7260 | D:9      | Found a snail-covered altar of Cheibriados.
  7424 | D:9      | Reached ****** piety under Trog
  7510 | D:10     | Entered Level 10 of the Dungeon
  7513 | D:10     | Noticed Nergalle
  7519 | D:10     | Killed Nergalle
  7519 | D:10     | Reached skill level 10 in Axes
  7628 | D:10     | Found a staircase to the Orcish Mines.
  7631 | D:10     | Reached skill level 10 in Fighting
  7642 | D:10     | Received a gift from Trog
  7644 | D:10     | Reached skill level 10 in Shields
  7952 | D:10     | Found a staircase to the Lair.
  7962 | D:10     | Noticed a hill giant
  7973 | D:10     | Killed a hill giant
  8131 | D:10     | Noticed a hill giant
  8137 | D:10     | Killed a hill giant
  8273 | D:10     | Reached XP level 11. HP: 101/101 MP: 10/10
  8493 | Orc:1    | Entered Level 1 of the Orcish Mines
  9204 | Orc:2    | Entered Level 2 of the Orcish Mines
  9265 | Orc:2    | Noticed an orc high priest
  9275 | Orc:2    | Noticed a sun demon
  9277 | Orc:2    | Killed an orc high priest
  9327 | Orc:2    | Noticed an orc knight
  9339 | Orc:2    | Noticed an orc knight
  9341 | Orc:2    | Killed an orc knight
  9345 | Orc:2    | Received a gift from Trog
  9355 | Orc:2    | Killed an orc knight
  9519 | Orc:2    | Found a roughly hewn altar of Beogh.
  9524 | Orc:2    | Noticed an orc knight
  9536 | Orc:2    | Killed an orc knight
  9554 | Orc:2    | Noticed an orc knight
  9554 | Orc:2    | Noticed an orc sorcerer
  9562 | Orc:2    | Killed an orc sorcerer
  9567 | Orc:2    | Killed an orc knight
  9581 | Orc:2    | Found Yriloc's Gadget Emporium.
  9698 | Orc:2    | Found Otisuiplas's Book Boutique.
 10170 | Orc:2    | Found a staircase to the Elven Halls.
 10291 | Orc:2    | Received a gift from Trog
 10434 | Orc:2    | Found Banas's General Store.
 10446 | Orc:2    | Reached XP level 12. HP: 112/112 MP: 11/11
 10477 | Orc:2    | Found Pyrhic's Food Emporium.
 11180 | Lair:1   | Entered Level 1 of the Lair of Beasts
 11180 | Lair:1   | Noticed Warped's ghost (journeyman MfGl)
 11199 | Lair:1   | Killed Warped's ghost
 11254 | Lair:1   | Noticed Gastronok
 11262 | Lair:1   | Received a gift from Trog
 11269 | Lair:1   | Killed Gastronok
 12134 | Lair:2   | Received a gift from Trog
 13313 | Lair:3   | Noticed a four-headed hydra
 13319 | Lair:3   | Killed a six-headed hydra
 13319 | Lair:3   | Reached XP level 13. HP: 122/122 MP: 12/12
 13526 | Lair:3   | Found a hole to the Spider Nest.
 14477 | Lair:4   | Received a gift from Trog
 14566 | Lair:4   | Noticed Josephine
 14574 | Lair:4   | Killed Josephine
 14616 | Lair:4   | Found a labyrinth entrance.
 14630 | Lab      | Entered a labyrinth
 14961 | Lab      | Noticed a minotaur
 14968 | Lab      | Killed a minotaur
 15595 | Lair:5   | Got a fine copper ring
 15597 | Lair:5   | Identified the ring of Wecrenla {Ice +Fly rPois MR+ Stlth+} (You found it on level 5 of the Lair of Beasts)
 15638 | Lair:5   | Reached skill level 10 in Armour
 15915 | Lair:5   | Received a gift from Trog
 16627 | Lair:6   | Found a staircase to the Shoals.
 17030 | Lair:6   | Found a runed door.
 17030 | Lair:6   | Found a viscous altar of Jiyva.
 17044 | Lair:6   | Received a gift from Trog
 17064 | Lair:6   | Reached XP level 14. HP: 111/133 MP: 4/13
 17356 | Lair:6   | Noticed an azure jelly
 17357 | Lair:6   | Noticed an azure jelly
 17358 | Lair:6   | Found a staircase to the Slime Pits.
 17400 | Lair:7   | Reached skill level 15 in Axes
 17692 | Lair:7   | Received a gift from Trog
 17938 | Lair:7   | Reached skill level 15 in Fighting
 18124 | Lair:8   | Entered Level 8 of the Lair of Beasts
 18134 | Lair:8   | Reached skill level 10 in Dodging
 18167 | Lair:8   | Reached skill level 15 in Shields
 18516 | Lair:8   | Received a gift from Trog
 18520 | Lair:8   | Got a twisted war axe {god gift}
 18521 | Lair:8   | Identified the +6 war axe of Growth {chop, +Fly rC+ rN+ Str-4} (Trog gifted it to you on level 8 of the Lair of Beasts)
 19178 | Lair:8   | Found a burning altar of Makhleb.
 19225 | Lair:8   | Reached XP level 15. HP: 116/143 MP: 3/14
 19231 | Lair:8   | Found a gateway to Hell.
 19523 | Lair:8   | Got a translucent bronze ring
 19530 | Lair:8   | Identified the ring of Leynen {SustAt rC- MP+9 Int+4} (You took it off a red devil on level 8 of the Lair of Beasts)
 19655 | Lair:8   | Received a gift from Trog
 20050 | Spider:1 | Entered Level 1 of the Spider Nest
 20992 | Spider:2 | Noticed Agnes
 21004 | Spider:2 | Killed Agnes
 21015 | Spider:2 | Noticed Azrael
 21021 | Spider:2 | Mangled by a fire elemental

Skill      XL: |  1  2  3  4  5  6  7  8  9 10 11 12 13 14 15 |
---------------+----------------------------------------------+-----
Fighting       | 4 5 6 7 8 9 10 12 13 14 15 16 | 16.1
Axes           | 4 5 6 7 9 10 12 13 14 16 | 16.3
Armour         | 3 4 5 6 7 8 9 10 11 | 11.9
Dodging        | 3 4 5 6 7 8 9 10 | 10.6
Shields        | 4 7 8 10 11 13 14 15 | 15.9

Action                   |  1- 3 |  4- 6 |  7- 9 | 10-12 | 13-15 || total
-------------------------+-------+-------+-------+-------+-------++-------
Melee: Hand axe          |    64 |    91 |   191 |       |       ||   346
       Headbutt          |    14 |    23 |    91 |   181 |   166 ||   475
       War axe           |       |       |   167 |   638 |    44 ||   849
       Broad axe         |       |       |       |       |   649 ||   649
Invok: Berserk           |     1 |     2 |     1 |    12 |     8 ||    24
       Trog's Hand       |       |       |       |     4 |     3 ||     7
       Burn Spellbooks   |       |       |       |     1 |     3 ||     4
 Stab: Sleeping          |       |     1 |       |       |       ||     1
       Distracted        |       |       |       |       |     1 ||     1
  Eat: Chunk             |       |     8 |    14 |    23 |    15 ||    60
       Meat ration       |       |       |       |     2 |     1 ||     3
       Pizza             |       |       |       |     1 |       ||     1
       Fruit             |       |       |       |       |    15 ||    15
       Royal jelly       |       |       |       |       |     1 ||     1
Armor: Animal skin       |    12 |     8 |       |       |       ||    20
       Chain mail        |       |    25 |    33 |       |       ||    58
       Plate armour      |       |       |   176 |   316 |   304 ||   796
Dodge: Dodged            |    49 |    46 |   161 |   287 |   308 ||   851
Block: Other             |       |     2 |       |       |       ||     2
       Buckler           |       |       |    92 |   232 |       ||   324
       Shield            |       |       |       |    17 |   579 ||   596
